 Dungeon Crawl Stone Soup version 0.19.0 (webtiles) character file.

3703 Gargoyl the Envoy of Void (level 9, 0/69 HPs)
             Began as a Demonspawn Abyssal Knight on Nov 1, 2016.
             Was a High Priest of Lugonu.
             Slain by a wolf (6 damage)
             ... led by Grum
             ... on level 8 of the Dungeon.
             The game lasted 00:13:20 (7705 turns).

Gargoyl the Envoy of Void (DsAK)                    Turns: 7705, Time: 00:13:21

Health: 0/69       AC: 20    Str: 16    XL:     9   Next: 91%
Magic:  15/15      EV:  8    Int: 14    God:    Lugonu [*****.]
Gold:   477        SH:  9    Dex: 12    Spells: 0 memorised, 8 levels left

rFire  + . .     SeeInvis .     y - +0 broad axe
rCold  . . .     Gourm    .     A - +0 plate armour
rNeg   . . .     Faith    .     e - +1 buckler
rPois  .         Spirit   .     m - +0 helmet
rElec  .         Reflect  .     f - +1 cloak {+Inv}
rCorr  .         Harm     .     s - +2 pair of gloves
MR     .....                    (boots unavailable)
Stlth  ..........               (no amulet)
                                z - ring of protection from fire
                                j - +2 ring of evasion

@: no status effects
A: hooves 3, large bone plates 1, nightstalker 1, spiny 1
a: Depart the Abyss, Bend Space, Banish, Corrupt, Enter the Abyss, Renounce
Religion, Evoke Invisibility


You were on level 8 of the Dungeon.
You worshipped Lugonu.
Lugonu was extremely pleased with you.
You were very hungry.

You visited 1 branch of the dungeon, and saw 8 of its levels.
You visited the Abyss 1 time.

You collected 477 gold pieces.

Inventory:

Hand Weapons
 a - a +1 hand axe
 w - a +0 war axe
 y - a +0 broad axe (weapon)
Armour
 e - a +1 buckler (worn)
 f - a +1 cloak of invisibility (worn)
 m - a +0 helmet (worn)
 s - a +2 pair of gloves (worn)
 A - a +0 plate armour (worn)
Jewellery
 j - a +2 ring of evasion (left hand)
 z - a ring of protection from fire (right hand)
Wands
 l - a wand of flame (23/48)
Scrolls
 b - 5 scrolls of identify
 h - 2 scrolls of remove curse
 o - a scroll of amnesia
 C - a scroll of blinking {unknown}
 D - a scroll of teleportation
 E - a scroll of vulnerability {unknown}
Potions
 g - a potion of flight {unknown}
 i - a potion of brilliance
 k - 2 potions of lignification
 t - a potion of curing {unknown}
 u - a potion of ambrosia {unknown}
 v - 2 potions of agility
 x - a potion of might
 B - 2 potions of invisibility {unknown}
Books
 q - a book of Misfortune

   Spells                             Type                      Level
   a - Confusing Touch                Hexes                        1
   b - Confuse                        Hexes                        3
   c - Gell's Gravitas                Hexes/Translocation          3
   d - Petrify                        Transmutation/Earth          4
   e - Metabolic Englaciation         Hexes/Ice                    5
   f - Yara's Violent Unravelling     Hexes/Transmutation          5
 r - a book of Callings

   Spells                             Type                      Level
   a - Summon Small Mammal            Summoning                    1
   b - Call Imp                       Summoning                    2
   c - Call Canine Familiar           Summoning                    3
   d - Summon Guardian Golem          Hexes/Summoning              3
   e - Summon Lightning Spire         Summoning/Air                4
   f - Summon Ice Beast               Ice/Summoning                4
Comestibles
 c - 3 bread rations
 d - 2 beef jerkies
 n - 3 fruits
 p - 3 meat rations


   Skills:
 + Level 5.6 Fighting
 + Level 7.6 Axes
 * Level 7.2 Armour
 + Level 2.2 Dodging
 + Level 3.3 Shields
 * Level 8.0 Invocations


You had 8 spell levels left.
You didn't know any spells.

Dungeon Overview and Level Annotations

Branches:
Dungeon (8/15)             Temple (0/1) D:7
   Lair: D:8-11

Altars:
Gozag
Hepliaklqana
Sif Muna
Yredelemnul
Zin
The Shining One

Annotations:
D:6 Prince Ribbit
D:8 Gastronok, Grum


Innate Abilities, Weirdness & Mutations

You have hooves in place of feet.
You are partially covered in large bone plates. (SH +4)
You are slightly more attuned to the shadows.
You are partially covered in sharp spines.


Message History

Gastronok is lightly wounded.
The bat is struck by your spines.
You kill the bat!
The bat's corpse disappears in a puff of smoke!
The orc priest moves out of view.
The wolf bites you but does no damage.
Grum bares his teeth.
The wolf is struck by your spines. The wolf bites you!
A leopard gecko comes into view.
You slash the orc priest!
The orc priest is heavily wounded.
You miss the wolf. You hit Gastronok. You block the wolf's attack.
The bat is struck by your spines. The bat barely misses you.
The orc priest mumbles some strange prayers to Beogh against you.
Beogh smites you!
Gastronok waves his eye-stalks in wide circles.
The air twists around and strikes you!
Ouch! That really hurt!
* * * LOW HITPOINT WARNING * * *
The wolf is struck by your spines. The wolf bites you.
You die...

###.#####
###.......#
......##.#
##[#..##.######
..l..........#
#.#b.##.####.#
#g.w@...# #.#
.....ho..#####.#
###o#.##.##....#
##..# # #.
#.##....# #....
#o #.##....###
.... .o
o.........#
#..## ..
..........#
#...# #
..........#
#.#.##.#
###...####


You could see Gastronok, Grum, a wolf, 2 orc priests, an orc wizard, an orc, a
leopard gecko and a bat.

Vanquished Creatures
  The ghost of Gargoyl the Chopper, an amateur DsAK of Lugonu (D:4)
  Grinder (D:5)
  A slime creature (D:7)
  Sigmund (D:6)
  Eustachio (D:5)
  Duvessa (D:7)
  A black bear (D:6)
  2 orc warriors (D:6)
  4 ogres
  A phantom (D:6)
  2 centaurs (D:7)
  3 bullfrogs (D:6)
  Blork the orc (D:6)
  Dowan (D:7)
  A water moccasin zombie (D:6)
  2 scorpions
  2 howler monkeys
  A centaur skeleton (D:5)
  4 hounds
  5 orc priests
  9 jellies (D:7)
  3 bullfrog skeletons
  An iguana (D:5)
  8 orc wizards
  3 worker ants
  A worker ant zombie (D:6)
  3 gnolls (D:4)
  A howler monkey skeleton (D:7)
  10 adders
  A shadow imp (D:7)
  14 oozes
  An adder zombie (D:7)
  An adder skeleton (D:5)
  6 worms
  6 dart slugs
  7 leopard geckos
  21 orcs
  7 giant cockroaches
  8 goblins
  7 hobgoblins
  12 jackals
  3 quokkas
  A ball python (D:6)
  A ball python skeleton (D:6)
  9 bats
  3 frilled lizards
  6 kobolds
  A leopard gecko skeleton (D:4)
  A quokka zombie (D:7)
  9 rats
200 creatures vanquished.

Vanquished Creatures (others)
  4 fungi (D:7)
4 creatures vanquished.

Grand Total: 204 creatures vanquished

Notes
Turn   | Place    | Note
-------+----------+-------------------------------------------
     0 | Abyss:1  | Gargoyl the Demonspawn Abyssal Knight began the quest for the Orb.
     0 | Abyss:1  | Reached XP level 1. HP: 18/18 MP: 2/2
    26 | Abyss:2  | Noticed a starcursed mass
    31 | D:1      | Escaped the Abyss
   210 | D:1      | Reached skill level 1 in Dodging
   418 | D:1      | Gained mutation: You are partially covered in sharp spines. [demonic ancestry]
   418 | D:1      | Reached XP level 2. HP: 24/24 MP: 3/3
   528 | D:1      | Reached * piety under Lugonu
   758 | D:1      | Gained mutation: You have large cloven feet. [demonic ancestry]
   758 | D:1      | Reached XP level 3. HP: 29/29 MP: 4/4
  1341 | D:2      | Reached skill level 3 in Invocations
  1598 | D:2      | Gained mutation: You have hoof-like feet. [demonic ancestry]
  1598 | D:2      | Reached XP level 4. HP: 31/35 MP: 6/6
  1645 | D:2      | Found a basalt altar of Yredelemnul.
  1954 | D:2      | Found a glowing golden altar of the Shining One.
  2087 | D:3      | Reached ** piety under Lugonu
  2729 | D:4      | Reached XP level 5. HP: 37/41 MP: 7/7
  2736 | D:4      | Noticed an ogre
  2738 | D:4      | Noticed Gargoyl's ghost (amateur DsAK)
  2746 | D:3      | Killed an ogre
  2746 | D:3      | Gained mutation: You are slightly more attuned to the shadows. [demonic ancestry]
  2746 | D:3      | Reached XP level 6. HP: 43/47 MP: 8/8
  2942 | D:3      | Reached skill level 4 in Invocations
  3025 | D:4      | Killed Gargoyl's ghost
  3036 | D:4      | HP: 2/48 [hound (4)]
  3037 | D:4      | Reached XP level 7. HP: 3/53 MP: 10/10
  3458 | D:4      | Reached skill level 1 in Shields
  3458 | D:4      | Reached skill level 5 in Invocations
  3859 | D:4      | Reached skill level 5 in Armour
  4207 | D:4      | Found a deep blue altar of Sif Muna.
  4389 | D:5      | Entered Level 5 of the Dungeon
  4397 | D:5      | Reached *** piety under Lugonu
  4400 | D:5      | Noticed Grinder
  4410 | D:5      | Paralysed by Grinder for 7 turns
  4429 | D:5      | Killed Grinder
  4629 | D:5      | Noticed Eustachio
  4658 | D:5      | Killed Eustachio
  4658 | D:5      | Gained mutation: You have hooves in place of feet. [demonic ancestry]
  4658 | D:5      | Reached XP level 8. HP: 31/61 MP: 12/12
  4911 | D:5      | Reached skill level 6 in Invocations
  4990 | D:5      | Reached skill level 5 in Axes
  5154 | D:5      | Found an opulent altar of Gozag.
  5291 | D:6      | Found a glowing silver altar of Zin.
  5325 | D:6      | Identified a scroll of acquirement
  5339 | D:6      | Noticed Sigmund
  5353 | D:6      | Killed Sigmund
  5448 | D:6      | Reached skill level 5 in Fighting
  5587 | D:6      | Noticed Blork the orc
  5596 | D:6      | Killed Blork the orc
  5645 | D:6      | Gained mutation: You are partially covered in large bone plates. (SH +4) [demonic ancestry]
  5645 | D:6      | Reached XP level 9. HP: 20/68 MP: 14/14
  5650 | D:6      | Reached **** piety under Lugonu
  5869 | D:6      | Noticed Prince Ribbit
  6254 | D:6      | Reached skill level 7 in Invocations
  6719 | D:7      | Found a staircase to the Ecumenical Temple.
  6860 | D:7      | Reached ***** piety under Lugonu
  7042 | D:7      | Found a hazy altar of Hepliaklqana.
  7111 | D:7      | Noticed Duvessa
  7121 | D:7      | Killed Duvessa
  7409 | D:7      | Noticed Dowan
  7432 | D:7      | Killed Dowan
  7432 | D:7      | Reached skill level 8 in Invocations
  7699 | D:8      | Noticed Gastronok
  7704 | D:8      | Noticed Grum
  7705 | D:8      | Slain by a wolf

Skill      XL: |  1  2  3  4  5  6  7  8  9 |
---------------+----------------------------+-----
Dodging        | 1 2 |  2.2
Armour         | 2 3 4 5 6 7 |  7.2
Axes           | 2 3 4 6 7 |  7.6
Invocations    | 3 4 5 6 8 |  8.0
Shields        | 1 2 3 |  3.3
Fighting       | 4 5 |  5.6

Action                   |  1- 3 |  4- 6 |  7- 9 || total
-------------------------+-------+-------+-------++-------
Melee: Hand axe          |   104 |    75 |       ||   179
       Kick              |    15 |    29 |    95 ||   139
       War axe           |       |    30 |   128 ||   158
       Broad axe         |       |       |   246 ||   246
Invok: Depart the Abyss  |     1 |       |       ||     1
  Use: Scroll            |     1 |     5 |     8 ||    14
       Potion            |       |     7 |       ||     7
  Eat: Chunk             |     2 |     5 |    14 ||    21
Armor: Leather armour    |     6 |       |       ||     6
       Ring mail         |     8 |       |       ||     8
       Chain mail        |    49 |    54 |   142 ||   245
       Skin              |       |     6 |       ||     6
       Plate armour      |       |       |    84 ||    84
Dodge: Dodged            |    35 |    46 |   150 ||   231
Block: Buckler           |     9 |    20 |   142 ||   171
